 Dungeon Crawl Stone Soup version 0.32-a0-132-g2d33c3cfaf (webtiles) character file.

Game seed: 10680829150285051499

95 Dittersdorf the Covered (level 4, -2/29 HPs)
             Began as a Gargoyle Fighter on Feb 9, 2024.
             Was an Initiate of Gozag.
             Slain by Sigmund
             ... wielding a +0 scythe
              (3 damage)
             ... on level 3 of the Dungeon.
             The game lasted 00:01:45 (1676 turns).

Dittersdorf the Covered (Gargoyle Fighter)          Turns: 1676, Time: 00:01:46

Health: -2/29      AC: 11    Str: 21    XL:     4   Next: 66%
Magic:  0/4        EV:  9    Int:  9    God:    Gozag
Gold:   196        SH:  4    Dex:  9    Spells: 3/3 levels left

rFire   . . .        a - +0 flail
rCold   . . .        c - +0 buckler
rNeg    + . .        b - +0 scale mail
rPois   ∞            e - +0 helmet
rElec   +            (no cloak)
rCorr   .            (no gloves)
SInv    .            (no boots)
Will    .....        f - amulet of guardian spirit Stlth
                     (no ring)
HPRegen 0.24/turn    (no ring)
MPRegen 0.09/turn

%: guardian spirit
@: no status effects
A: sickness immunity, AC +3, negative energy resistance 1, electricity
resistance, torment resistance 1, petrification resistance
a: Renounce Religion, Potion Petition, Call Merchant, Bribe Branch


You were on level 3 of the Dungeon.
You worshipped Gozag.
Gozag was aware of your devotion.
You visited 1 branch of the dungeon, and saw 3 of its levels.

You collected 229 gold pieces.
You paid 33 gold pieces to Gozag.

Inventory:

Hand Weapons
 a - a +0 flail (weapon)
Missiles
 i - a throwing net (quivered)
Armour
 b - a +0 scale mail (worn)
 c - a +0 buckler (worn)
 e - a +0 helmet (worn)
Jewellery
 f - an amulet of guardian spirit (around neck)
Scrolls
 h - a scroll of vulnerability {unknown}
 k - a scroll of fear {unknown}
 n - 2 scrolls of revelation {unknown}
Potions
 d - 4 potions of might
 g - a potion of enlightenment {unknown}
 j - a potion of resistance {unknown}
 l - a potion of cancellation {unknown}
 m - a potion of mutation {unknown}
 o - a potion of invisibility {unknown}


   Skills:
 + Level 4.0 Fighting
 + Level 2.8 Maces & Flails
 + Level 4.0 Armour
 + Level 4.0 Shields


You had 3 spell levels left.
You didn't know any spells.
Your spell library was empty.

Dungeon Overview and Level Annotations

Branches:
Dungeon (3/15)

Altars:
Cheibriados
Fedhas
Gozag
Zin

Annotations:
D:3 Sigmund


Innate Abilities, Weirdness & Mutations

You are immune to sickness and miasma.
Your stone body is resilient. (AC +3)
You are immune to poison.
You resist negative energy. (rN+)
You are resistant to electric shocks. (rElec)
You are resistant to unholy torment.
You are immune to petrification.


Message History

Sigmund closely misses you.
Items here: $ ) / [.
Sigmund attacks as he pursues you! Sigmund barely misses you.
You see here 8 gold pieces.
Found a thick beryl amulet.
There is a stone staircase leading up here.
You climb upwards.
There is a stone staircase leading down here.
You start resting.
Magic restored.
You start resting.
HP restored.
You climb downwards.
Level annotation: Sigmund
There is a stone staircase leading up here.
p - an amulet of the acrobat You drop an amulet of the acrobat.
Sigmund hits you but does no damage.
You closely miss Sigmund. Sigmund gestures at you while chanting.
The puff of flame hits you.
You completely miss Sigmund. Sigmund hits you with a +0 scythe!
You hit Sigmund.
Sigmund is moderately wounded.
Sigmund hits you with a +0 scythe!
You sock Sigmund!
Sigmund is severely wounded.
Sigmund mumbles some strange words.
Sigmund flickers and vanishes!
Deactivating autopickup; reactivate with Ctrl-A.
You closely miss something. Something hits you!
* * * LOW HITPOINT WARNING * * *
You closely miss something. Something hits you.
* * * LOW HITPOINT WARNING * * *
You hit something. You closely miss something. Something hits you.
* * * LOW HITPOINT WARNING * * *
You barely miss something. Something hits you.
You die...
Your body crumbles into a pile of gold.

#># ### #.# ###_. #>#
#.### #######.####
####.### ........)..#
#....... ######.##.#
#.#..### #$##.# #.#..#
#{##.# #.#..### #####
#@##.# #.#.....
#.".###.##.######.#.####
#.#....<##..........#
#...#############.###
##.## #.# #. #.# #. #.#
#. #.# #. #.#


There were no monsters in sight!

Vanquished Creatures
  Ijyb (D:3)
  A gnoll (D:1)
  An adder (D:3)
  A dart slug (D:2)
  An orc (D:3)
  3 endoplasms
  2 giant cockroaches (D:1)
  3 goblins
  4 hobgoblins (D:1)
  3 kobolds
  4 quokkas
  8 ball pythons
  8 bats
  A frilled lizard (D:2)
  6 rats
47 creatures vanquished.

Notes
Turn   | Place    | Note
-------+----------+-------------------------------------------
     0 | D:1      | Dittersdorf the Gargoyle Fighter began the quest for the
                  | Orb.
     0 | D:1      | Reached XP level 1. HP: 14/14 MP: 1/1
    42 | D:1      | Reached XP level 2. HP: 11/19 MP: 2/2
   326 | D:1      | Reached XP level 3. HP: 21/23 MP: 1/3
   957 | D:2      | Found an opulent altar of Gozag.
   965 | D:2      | Became a worshipper of Gozag Ym Sagoz the Greedy
  1416 | D:3      | Reached XP level 4. HP: 29/29 MP: 4/4
  1475 | D:3      | Found a glowing silver altar of Zin.
  1481 | D:3      | Found a snail-covered altar of Cheibriados.
  1486 | D:3      | Found a blossoming altar of Fedhas.
  1560 | D:3      | Noticed Ijyb
  1569 | D:3      | Noticed Sigmund
  1571 | D:3      | Killed Ijyb
  1675 | D:3      | HP: 1/29 [something (6)]
  1676 | D:3      | Slain by Sigmund

Illustrated notes

Levels and vault maps discovered:
D:1:      onia_arrival_mini_maze, layout_basic, minmay_misc_feat_secret_circle
D:2:      layout_rooms, basic_altar
D:3:      layout_loops_ring, minmay_overflow_temple_star_quad,
          old_standard_altar, uniq_sigmund, uniq_ijyb, uniq_robin

Skill      XL: |  1  2  3  4 |
---------------+-------------+-----
Fighting       | 4 |  4.0
Armour         | 4 |  4.0
Shields        | 4 |  4.0
Maces & Flails | |  2.8

Action                     |  1- 3 |  4- 6 || total
---------------------------+-------+-------++-------
  Melee: Flail             |   117 |    38 ||   155
 Armour: Scale mail        |    86 |    25 ||   111
  Dodge: Dodged            |    70 |    14 ||    84
  Block: Buckler           |    28 |    10 ||    38

Table legend: (Time is in decaauts)
 A = Elapsed time spent in this place.
 B = Non-inter-level travel time spent in this place.
 C = Inter-level travel time spent in this place.
 D = Time resting spent in this place.
 E = Time spent auto-exploring this place.
 F = Levels seen in this place.
 G = Mean time per level.
                   A        B        C        D        E       F      G
               +--------+--------+--------+--------+--------+-----+--------+
         Total |   1723 |   1672 |     51 |     69 |   1186 |   3 |  574.3 |
       Dungeon |   1723 |   1672 |     51 |     69 |   1186 |   3 |  574.3 |
               +--------+--------+--------+--------+--------+-----+--------+

Top non-repeatable levels by time:
     D:1: 951 daAuts
     D:2: 547 daAuts
     D:3: 224 daAuts
